 Dungeon Crawl Stone Soup version 0.31.0-32-g396128a36d (webtiles) character file.

Game seed: 1326757602852511493

10943 melchizedek the Thaumaturge (level 11, 0/104 HPs)
             Began as an Oni Air Elementalist on Apr 10, 2024.
             Was a Follower of Nemelex Xobeh.
             Slain by a wraith (4 damage)
             ... led by Josephine
             ... on level 10 of the Dungeon on Apr 14, 2024.
             The game lasted 00:51:47 (14069 turns).

melchizedek the Thaumaturge (Oni Air Elementalist) Turns: 14069, Time: 00:51:47

Health: 0/104      AC:  8    Str: 14    XL:     11   Next: 70%
Magic:  2/25       EV: 10    Int: 20    God:    Nemelex Xobeh [*.....]
Gold:   583        SH:  0    Dex:  9    Spells: 21/31 levels left

rFire   + . .        a - +0 giant spiked club
rCold   . . .        (shield currently unavailable)
rNeg    . . .        L - +0 steam dragon scales
rPois   .            (helmet restricted)
rElec   .            (no cloak)
rCorr   +            (gloves unavailable)
SInv    .            (boots unavailable)
Will    +....        (no amulet)
Stlth   ++           l - ring of resist corrosion
HPRegen 0.37/turn    v - ring of protection from fire
MPRegen 0.19/turn

%: no passive effects
@: attractive, slowed, studying Long Blades, very slow
A: large, unfitting armour, horns 1, tough skin 1, double potion healing,
drunken brawling, iridescent scales 1, mutation resistance 1
a: Renounce Religion, Draw Escape, Draw Destruction, Draw Summoning


You were on level 10 of the Dungeon.
You worshipped Nemelex Xobeh.
Nemelex Xobeh was aware of your devotion.
You visited 2 branches of the dungeon, and saw 11 of its levels.
You also visited: Sewer.

You collected 583 gold pieces.

Inventory:

Hand Weapons
 a - a +0 giant spiked club (weapon)
 b - a +2 spear of venom
 c - a +0 club
 j - a +0 scythe
 q - a +2 halberd of freezing
 F - a +3 flail
 G - a +0 heavy flail
 N - a +0 giant club
 R - a +2 flail of draining
Missiles
 p - 3 large rocks
 P - 19 poisoned darts
Armour
 u - a +0 robe
 L - +0 steam dragon scales (worn)
 Q - the -2 kite shield of Sufficient Fun {rElec}
   (You found it on level 9 of the Dungeon)

   rElec:     It insulates you from electricity.
Jewellery
 i - a ring of flight
 l - a ring of resist corrosion (left hand)
 v - a ring of protection from fire (right hand)
 x - a ring of see invisible
 O - a +6 ring of strength
Wands
 s - a wand of paralysis (11)
 E - a wand of iceblast (15)
 H - a wand of light (9)
Scrolls
 e - 5 scrolls of teleportation
 f - a scroll of fog
 g - 2 scrolls of silence
 n - a scroll of enchant weapon
 o - a scroll of immolation
 t - 3 scrolls of noise
 y - 2 scrolls of poison {unknown}
 z - a scroll of blinking {unknown}
 M - a scroll of amnesia
 S - a scroll of fear
Potions
 d - a potion of magic
 k - 4 potions of degeneration
 m - 2 potions of lignification
 r - a potion of cancellation
 A - 2 potions of ambrosia {unknown}
 B - 3 potions of enlightenment {unknown}
 C - 2 potions of mutation
 D - a potion of berserk rage {unknown}
 I - a potion of resistance {unknown}
 J - 2 potions of haste {unknown}
 K - a potion of brilliance {unknown}


   Skills:
 + Level 5.2 Fighting
 + Level 2.8 Maces & Flails
 + Level 2.1 Polearms
 + Level 4.1 Dodging
 + Level 3.2 Stealth
 + Level 10.9 Spellcasting
 - Level 7.1 Conjurations
 * Level 10.0 Air Magic
 * Level 3.0 Invocations


You had 21 spell levels left.
You knew the following spells:

 Your Spells              Type           Power      Damage    Failure   Level
a - Shock                 Conj/Air       100%       1d9       1%          1
b - Static Discharge      Conj/Air       90%        3-7/arc   1%          2
c - Swiftness             Air            50%        N/A       1%          3
d - Airstrike             Air            25%        2d(4-20)  1%          4

Your spell library contained the following spells:

 Spells                   Type           Power      Damage    Failure   Level
 Momentum Strike          Conj/Tloc      50%        3d9       2%          2
 Slow                     Hex            40%        N/A       6%          1
 Blink                    Tloc           20%        N/A       10%         2
 Lesser Beckoning         Tloc           20%        N/A       10%         2
 Confusing Touch          Hex            10%        N/A       19%         3
 Fugue of the Fallen      Necr           10%        N/A       19%         3
 Ozocubu's Armour         Ice            10%        N/A       19%         3
 Sigil of Binding         Hex            10%        N/A       19%         3
 Tukima's Dance           Hex            10%        N/A       19%         3
 Vampiric Draining        Necr           10%        2d6       19%         3
 Manifold Assault         Tloc           10%        N/A       54%         4
 Passage of Golubria      Tloc           10%        N/A       54%         4
 Yara's Violent Unravell  Hex/Alch       5%         3d4       87%         5


Dungeon Overview and Level Annotations

Branches:
Dungeon (10/15)            Temple (1/1) D:7            Lair (0/5) D:9
  Sewer (visited)
    Orc: D:9-12

Altars:
Ashenzari
Cheibriados
Dithmenos
Elyvilon
Fedhas
Gozag
Hepliaklqana
Kikubaaqudgha
Makhleb
Nemelex Xobeh
Okawaru
Qazlal
Ru
Sif Muna
Trog
Uskayaw
Vehumet
Wu Jian
Xom
Yredelemnul
Zin
The Shining One

Shops:
D:9 :

Annotations:
D:6 1 runed translucent door, Crazy Yiuf
D:9 exclusion: two-headed ogre


Innate Abilities, Weirdness & Mutations

You are too large for most types of armour.
You have a pair of small horns on your head.
You have tough skin. (AC +1)
You gain doubled healing and magic from potions.
Whenever you drink a healing potion, you attack all around you.
You are partially covered in iridescent scales. (AC +2)
You are somewhat resistant to further mutation.


Message History

* * * LOW HITPOINT WARNING * * *
The wraith drains your vigour!
You feel as though you will be slow longer.
The wraith misses you.
Casting: Airstrike (mildly dangerous; 1% risk of failure)
Confirm with . or Enter, or press ? or * to list all spells.
Aiming: Airstrike (mildly dangerous; 1% risk of failure)
Press: ? - help, Dir - move target, f - wraith
Aim: a wraith (lightly damaged, empty space bonus: 4/8)
The air twists around and strikes the wraith but does no damage.
The wraith hits you.
* * * LOW HITPOINT WARNING * * *
The wraith drains your vigour!
You feel as though you will be slow longer.
It was a potion of attraction.
You feel attractive to monsters. The wraith hits you.
* * * LOW HITPOINT WARNING * * *
The wraith drains your vigour!
You feel as though you will be slow longer.
The wraith hits you.
* * * LOW HITPOINT WARNING * * *
The wraith drains your vigour!
You feel as though you will be slow longer.
Okay, then.
Okay, then.
Unknown command.
Okay, then.
As you read the scroll labelled GEIDOUGUDI, it crumbles to dust.
The creatures around you are filled with an inner flame!
It was a scroll of immolation.
The wraith hits you but does no damage.
Okay, then.
Casting: Airstrike (mildly dangerous; 1% risk of failure)
Confirm with . or Enter, or press ? or * to list all spells.
Okay, then.
The wraith hits you!
* * * LOW HITPOINT WARNING * * *
The wraith hits you.
You die...
Your body glows slightly and disappears.

........##...#
........##...#
.........+...# ##
.......##...# #.
#..#........# #.
#..###<##.#.#### #.
#..#...........###.
#..###.##...>......
#.@###.#.....######
#..W..............
##.#.#.#(..#....###
##......<†.........
#..................
##...#.#)..#..#.#.#
##................#
#..........##.#.#.#
#..........##.#.#.#


You could see a wraith (inner flame).

Vanquished Creatures
  Josephine (D:10)
  A hydra (D:8)
  2 two-headed ogres
  A kobold demonologist (D:9)
  A hornet (D:8)
  Grinder (D:3)
  Sigmund (D:3)
  A wyvern (D:8)
  15 yaks
  2 wraiths (D:10)
  Eustachio (D:6)
  A steam dragon (D:8)
  A water moccasin (D:5)
  5 orc warriors
  4 black bears
  A sky beast (D:7)
  An elephant zombie (D:9)
  2 ogres
  5 centaurs
  3 kobold brigands
  An elf zombie (D:9)
  2 gnoll sergeants (D:6)
  5 bullfrogs
  3 scorpions
  3 wights (D:9)
  11 killer bees
  5 howler monkeys
  2 centaur zombies (D:9)
  3 hounds
  4 bombardier beetles
  A jelly (D:7)
  4 orc priests
  A gnoll bouda (D:6)
  2 sleepcaps (D:6)
  Natasha (thrice) (D:3)
  A scorpion zombie (D:9)
  3 iguanas
  5 orc wizards
  2 ogre zombies (D:9)
  6 hound zombies (D:9)
  A howler monkey zombie (D:9)
  17 adders
  4 gnolls
  6 white imps
  An ufetubus (D:6)
  An adder zombie (D:9)
  4 dart slugs (Sewer)
  2 ribbon worms (D:2)
  19 orcs
  4 bats
  4 endoplasms
  15 giant cockroaches
  9 goblins
  7 hobgoblins
  4 jackals (D:4)
  2 quokkas
  14 ball pythons
  12 frilled lizards
  21 kobolds
  6 rats
270 creatures vanquished.

Vanquished Creatures (others)
  A kobold (D:9)
1 creature vanquished.

Grand Total: 271 creatures vanquished

Notes
Turn   | Place    | Note
-------+----------+-------------------------------------------
     0 | D:1      | melchizedek the Oni Air Elementalist began the quest for
                  | the Orb.
     0 | D:1      | Reached XP level 1. HP: 16/16 MP: 3/3
   140 | D:1      | Reached skill level 1 in Conjurations
   267 | D:1      | Reached XP level 2. HP: 24/24 MP: 2/5
   469 | D:1      | Reached XP level 3. HP: 30/31 MP: 1/6
  1233 | D:2      | Reached XP level 4. HP: 39/39 MP: 0/8
  1796 | D:3      | Noticed Natasha
  1802 | D:3      | Killed Natasha
  1819 | D:3      | Noticed Natasha
  1827 | D:3      | Killed Natasha
  1828 | D:3      | Reached XP level 5. HP: 26/46 MP: 5/10
  1849 | D:3      | Noticed Natasha
  1858 | D:3      | Killed Natasha
  1859 | D:3      | Reached skill level 1 in Polearms
  1957 | D:3      | Learned a level 2 spell: Static Discharge
  1961 | D:3      | Learned a level 3 spell: Swiftness
  1965 | D:3      | Found a glowing golden altar of the Shining One.
  2096 | D:3      | Noticed Sigmund
  2194 | D:3      | Killed Sigmund
  2195 | D:3      | Reached skill level 1 in Fighting
  2195 | D:3      | Reached XP level 6. HP: 25/55 MP: 1/12
  2470 | D:3      | You fall into a shaft and drop 2 floors!
  2470 | D:5      | Entered Level 5 of the Dungeon
  2472 | D:5      | Found a snail-covered altar of Cheibriados.
  2519 | D:6      | Reached XP level 7. HP: 34/62 MP: 8/13
  2591 | D:6      | Found a glowing drain.
  2595 | Sewer    | Entered a sewer
  3071 | Sewer    | Reached skill level 5 in Spellcasting
  3223 | D:6      | Identified the +7 chain mail of Cowardice {Will+}
  3429 | D:6      | Reached skill level 5 in Air Magic
  3429 | D:6      | Reached XP level 8. HP: 56/71 MP: 7/16
  3749 | D:6      | Noticed Eustachio
  3767 | D:6      | Killed Eustachio
  3773 | D:6      | Gained mutation: You are partially covered in iridescent
                  | scales. (AC +2) [potion of mutation]
  3773 | D:6      | Gained mutation: You are somewhat resistant to further
                  | mutation. [potion of mutation]
  3909 | D:5      | Found a sacrificial altar of Ru.
  4975 | D:4      | Reached skill level 5 in Conjurations
  4975 | D:4      | Reached XP level 9. HP: 46/80 MP: 1/19
  5904 | D:3      | Noticed Grinder
  5914 | D:3      | Killed Grinder
  6130 | D:3      | Found a white marble altar of Elyvilon.
  6152 | D:3      | Found a radiant altar of Vehumet.
  7227 | D:6      | Found a runed translucent door.
  7228 | D:6      | Noticed Crazy Yiuf
  8306 | D:7      | Reached XP level 10. HP: 33/89 MP: 1/22
  8836 | D:7      | Learned a level 4 spell: Airstrike
  9306 | D:7      | Found a staircase to the Ecumenical Temple.
  9345 | D:7      | Found a glowing silver altar of Zin.
  9425 | Temple   | Entered the Ecumenical Temple
  9469 | Temple   | Became a worshipper of Nemelex Xobeh the Trickster
  9751 | D:8      | Noticed a two-headed ogre
 10791 | D:8      | Noticed a six-headed hydra
 11007 | D:8      | Killed a six-headed hydra
 11008 | D:8      | Reached skill level 10 in Spellcasting
 11008 | D:8      | Reached XP level 11. HP: 58/101 MP: 4/25
 11228 | D:8      | Reached * piety under Nemelex Xobeh
 11325 | D:8      | Received a gift from Nemelex Xobeh
 11390 | D:8      | Killed a two-headed ogre
 11817 | D:9      | Found Qiniol Wulaf's Book Emporium.
 12080 | D:9      | Found an ancient bone altar of Kikubaaqudgha.
 12087 | D:9      | Identified the -2 kite shield of Sufficient Fun {rElec}
 12102 | D:9      | Noticed a two-headed ogre
 12113 | D:9      | Killed a two-headed ogre
 12114 | D:9      | Reached skill level 1 in Maces & Flails
 12114 | D:9      | Reached skill level 1 in Invocations
 12259 | D:9      | Found a staircase to the Lair.
 12643 | D:10     | Entered Level 10 of the Dungeon
 12676 | D:9      | Reached skill level 5 in Fighting
 13233 | D:9      | Found a shadowy altar of Dithmenos.
 13433 | D:9      | Noticed a two-headed ogre
 13997 | D:10     | Noticed Josephine
 14044 | D:10     | Killed Josephine
 14063 | D:10     | Reached skill level 10 in Air Magic
 14069 | D:10     | HP: 4/104 [wraith[Josephine] (10)]
 14069 | D:10     | Slain by a wraith

Illustrated notes

Levels and vault maps discovered:
D:1:      eino_arrival_cavern_b, layout_rooms, st_stairs_13
D:2:      layout_basic, kennysheep_generic_room_13
D:3:      minmay_skewed_foursquare, layout_basic, elyvilon_altar_5,
          mainiacjoe_overflow_tiny_flanked, nicolae_vehumet_altar_sigil,
          uniq_natasha, uniq_grinder, uniq_sigmund
D:4:      layout_basic, serial_library_hellmonk_room_a, minmay_misc_feat_square
D:5:      layout_loops_ring, overflow_temple_1_default,
          nicolae_overflow_hidden_temple
D:6:      minmay_razor_zed, layout_basic,
          mainiacjoe_sewer_entry_somewhere_in_here_2,
          minmay_fractal_squares_diagonal_5, uniq_crazy_yiuf_cottage,
          uniq_eustachio
D:7:      minmay_bubble_buster, layout_cave_pools, zin_statuary,
          minmay_temple_entry_metal_lava
D:8:      layout_gridville, serial_rivers, chequers_serial_rivers_small_b,
          chequers_serial_rivers_large_a, chequers_serial_rivers_marsh,
          chequers_serial_rivers_micro_d, chequers_serial_rivers_room_b,
          chequers_serial_rivers_small_3, nicolae_kite_square_tiling_tiny,
          minivault_25, corner_web_ring
D:9:      layout_basic, nicolae_dithmenos_through_a_glass_darkly,
          lair_entry_dummy, serial_shops, shop_fountains,
          roadster_capsule_ark_zombie
D:10:     layout_basic, david_orc_2, jiyva_altar_1, uniq_josephine
Temple:   minmay_freezing_vapour_temple

Skill      XL: |  1  2  3  4  5  6  7  8  9 10 11 |
---------------+----------------------------------+-----
Conjurations   | 1 2 3 5 6 7 |  7.1
Air Magic      | 3 4 5 6 7 8 10 | 10.0
Dodging        | 2 3 4 |  4.1
Spellcasting   | 3 4 5 6 8 10 | 10.9
Polearms       | 1 2 |  2.1
Fighting       | 1 2 4 5 |  5.2
Stealth        | 2 3 |  3.2
Maces & Flails | 2 |  2.8
Invocations    | 3 |  3.0

Action                     |  1- 3 |  4- 6 |  7- 9 | 10-12 || total
---------------------------+-------+-------+-------+-------++-------
  Melee: Unarmed           |     5 |       |       |       ||     5
         Headbutt          |     8 |     9 |     6 |    28 ||    51
         Spear             |    21 |    51 |    87 |    20 ||   179
         Giant spiked club |       |       |       |    99 ||    99
         Flail             |       |       |       |    17 ||    17
   Cast: Shock             |    60 |    54 |   257 |    41 ||   412
         Swiftness         |       |     2 |       |     1 ||     3
         Static Discharge  |       |     1 |    56 |    77 ||   134
         Airstrike         |       |       |       |    81 ||    81
 Invoke: Draw Escape       |       |       |       |     1 ||     1
    Use: Scroll            |       |     5 |     5 |     9 ||    19
         Potion            |       |     2 |     3 |     7 ||    12
   Stab: Sleeping          |       |     2 |     2 |     2 ||     6
 Armour: Robe              |     9 |    48 |   186 |    79 ||   322
         Steam dragon scal |       |       |       |   275 ||   275
  Dodge: Dodged            |     9 |    36 |    76 |   167 ||   288
